AoeStats
← daniel.jimenez7897

Arabia

510929226Analyzed
1v1 RM · 20h ago on Oct 3, 2026· 60m 37s· 2 players
Game mode
Random Map
Map size
Tiny (2 player)
Population
200
Speed
Normal
Resources
Standard
Victory
Conquest
Starting age
Dark Age
Ending age
Imperial Age
RankedLock teamsTeams togetherTeam positionsShared explorationLock speedFull tech treeHidden civsTurbo modeCheats
Victory
Defeat
🇺🇸 Koreans · United States
711
+17
🇲🇽 Byzantines · Mexico
735
-41
neglectingmyfamily
2:37 Loom
11:46 Feudal Age
12:34 Double-Bit Axe
12:32 Horse Collar
18:22 Gold Mining
19:18 Wheelbarrow
18:29 Town Watch
18:47 Stone Mining
22:22 Fletching
23:02 Forging
22:53 Scale Mail Armor
25:29 Castle Age
23:26 Arson
24:35 Scale Barding Armor
25:47 Crossbowman
26:25 Bodkin Arrow
27:36 Bow Saw
29:19 Iron Casting
29:00 Chain Mail Armor
29:21 Hand Cart
29:09 Town Patrol
29:43 Heavy Plow
31:38 Squires
32:38 Stone Shaft Mining
32:45 Treadmill Crane
33:01 Murder Holes
34:10 Ballistics
35:23 Gold Shaft Mining
35:28 Chain Barding Armor
35:46 Thumb Ring
36:11 Eupseong
35:56 Pikeman
38:41 Masonry
41:54 Imperial Age
42:56 Bracer
43:30 Conscription
44:21 Two-Man Saw
43:54 Arrowslits
45:10 Chemistry
44:41 Architecture
44:16 Siege Engineers
45:55 Husbandry
45:18 Light Cavalry
45:47 Elite War Wagon
47:09 Guilds
49:33 Arbalester
49:41 Elite Fire Lancer
51:37 Plate Mail Armor
50:30 Hussar
daniel.jimenez7897
12:23 Feudal Age
10:53 Loom
13:21 Horse Collar
13:31 Double-Bit Axe
20:21 Gold Mining
21:28 Wheelbarrow
27:17 Castle Age
25:59 Scale Barding Armor
26:56 Fletching
28:04 Elite Skirmisher
29:34 Padded Archer Armor
31:30 Gold Shaft Mining
31:27 Bodkin Arrow
38:07 Leather Archer Armor
41:28 Imperial Age
42:06 Cavalier
46:48 Bracer
49:13 Ring Archer Armor
49:05 Chain Barding Armor
51:05 Hand Cart
Connection lost

Rejoining the realm…

Still unreachable

The connection could not be restored.

Session expired

The server has moved on; the page needs a fresh start.